AoeStats
← Hubinaka

Arena

510263785Analyzed
2v2 RM · 2d ago on Sep 30, 2026· 39m 32s· 4 players
Game mode
Random Map
Map size
Medium (4 player)
Population
200
Speed
Normal
Resources
Standard
Victory
Conquest
Starting age
Dark Age
Ending age
Imperial Age
RankedLock teamsTeams togetherTeam positionsShared explorationLock speedFull tech treeHidden civsTurbo modeCheats
Victory
Defeat
🇨🇳 Turks · China
885
+17
🇫🇷 Bulgarians · France
807
+20
🇨🇳 Mongols · China
903
-19
🇨🇳 Khmer · China
889
-18
xiaoye
11:54 Feudal Age
13:14 Loom
16:04 Castle Age
14:07 Double-Bit Axe
14:03 Horse Collar
14:46 Gold Mining
21:52 Imperial Age
19:52 Bow Saw
22:05 Gold Shaft Mining
21:38 Padded Archer Armor
23:19 Leather Archer Armor
33:41 Ring Archer Armor
33:02 Fletching
36:46 Bodkin Arrow
36:52 Scale Mail Armor
36:57 Scale Barding Armor
Hubinaka
11:22 Feudal Age
14:22 Double-Bit Axe
14:52 Horse Collar
15:15 Gold Mining
16:51 Forging
16:42 Scale Mail Armor
16:34 Fletching
19:17 Castle Age
17:42 Stone Mining
17:45 Fletching
20:24 Heavy Plow
23:12 Town Watch
24:29 Bow Saw
25:01 Wheelbarrow
26:58 Hand Cart
28:05 Stone Shaft Mining
28:30 Gold Shaft Mining
28:54 Husbandry
29:23 Bloodlines
29:52 Scale Barding Armor
30:24 Iron Casting
32:59 Ballistics
32:51 Masonry
32:36 Murder Holes
32:46 Bodkin Arrow
33:12 Chain Barding Armor
32:52 Pikeman
32:58 Elite Skirmisher
35:45 Stirrups
41:11 Imperial Age
38:44 Town Patrol
38:31 Loom
俯瞰天空
9:54 Feudal Age
14:16 Castle Age
12:29 Double-Bit Axe
12:47 Horse Collar
17:05 Bow Saw
23:19 Gold Mining
23:19 Stone Mining
25:01 Gold Shaft Mining
25:41 Loom
29:30 Imperial Age
32:38 Bloodlines
31:55 Light Cavalry
1850029382
8:55 Loom
11:05 Feudal Age
11:31 Double-Bit Axe
15:47 Castle Age
13:49 Horse Collar
14:41 Stone Mining
19:01 Bow Saw
22:42 Gold Mining
25:30 Gold Shaft Mining
27:38 Husbandry
27:55 Bloodlines
28:06 Scale Barding Armor
28:12 Forging
28:34 Light Cavalry
29:46 Heavy Plow
33:33 Imperial Age
32:07 Iron Casting
31:55 Chain Barding Armor
32:48 Scale Mail Armor
33:57 Wheelbarrow
34:38 Conscription
33:51 Elite Ballista Elephant
34:37 Hussar
36:48 Crop Rotation
40:06 Blast Furnace
39:42 Plate Barding Armor
39:19 Double Crossbow
39:14 Pikeman
Connection lost

Rejoining the realm…

Still unreachable

The connection could not be restored.

Session expired

The server has moved on; the page needs a fresh start.